 Dungeon Crawl Stone Soup version 0.18.1-50-g88ac8fd (webtiles) character file.

128 Franakus the Conjurer (level 4, -1/24 HPs)
             Began as a Deep Elf Conjurer on Oct 27, 2016.
             Slain by a giant gecko (3 damage)
             ... on level 2 of the Dungeon.
             The game lasted 00:10:06 (608 turns).

Franakus the Conjurer (Deep Elf Conjurer)            Turns: 608, Time: 00:10:06

Health: -1/24      AC:  2    Str:  5    XL:     4   Next: 86%
Magic:  4/11       EV: 13    Int: 21    God:
Gold:   48         SH:  0    Dex: 15    Spells: 3 memorised, 4 levels left

rFire  . . .     SeeInvis .     e - -3 club (curse)
rCold  . . .     Gourm    .     a - +0 robe
rNeg   . . .     Faith    .     (no shield)
rPois  .         Spirit   .     (no helmet)
rElec  .         Dismiss  .     (no cloak)
rCorr  .         Reflect  .     (no gloves)
SustAt .         Harm     .     (no boots)
MR     .....                    (no amulet)
Stlth  ++........               (no ring)
                                (no ring)

@: not resistant to hostile enchantments, unstealthy
A: no striking features
a: no special abilities


You were on level 2 of the Dungeon.
You were not hungry.

You visited 1 branch of the dungeon, and saw 3 of its levels.

You collected 48 gold pieces.

Inventory:

Hand Weapons
 e - a cursed -3 club (weapon)
 f - a +0 falchion
Armour
 a - a +0 robe (worn)
Scrolls
 d - a scroll of fog {unknown}
 g - 2 scrolls of identify {unknown}
Potions
 h - a potion of might
 i - a potion of invisibility {unknown}
Books
 b - a book of Conjurations

   Spells                             Type                      Level
   a - Magic Dart                     Conjuration                  1
   b - Searing Ray                    Conjuration                  2
   c - Dazzling Spray                 Conjuration/Hexes            3
   d - Fulminant Prism                Conjuration/Hexes            4
   e - Iskenderun's Mystic Blast      Conjuration                  4
   f - Iskenderun's Battlesphere      Conjuration/Charms           5
Comestibles
 c - a bread ration


   Skills:
 + Level 0.1 Fighting
 + Level 2.8 Dodging
 + Level 3.1 Stealth
 + Level 3.5 Spellcasting
 + Level 6.2 Conjurations


You had 4 spell levels left.
You knew the following spells:

 Your Spells              Type           Power        Failure   Level  Hunger
a - Magic Dart            Conj           ####         1%          1    None
b - Searing Ray           Conj           ####..       1%          2    ##.....
c - Dazzling Spray        Conj/Hex       ###...       12%         3    ###....


Dungeon Overview and Level Annotations

Branches:
Dungeon (3/15)

Altars:

Annotations:
D:2 Natasha


Message History

You see here 2 stones.
The kobold throws a stone.
The stone hits you but does no damage.
You see here a stone.
Natasha casts a spell.
Natasha casts a spell at you.
You feel yourself slow down.
The kobold throws a stone.
The stone barely misses you.
You see here a stone.
The crimson imp barely misses you.
The crimson imp blinks!
The kobold throws a stone.
The stone hits you.
* * * LOW HITPOINT WARNING * * *
Natasha mumbles some strange words.
The kobold closely misses you.
Natasha casts a spell.
You feel yourself speed up. The kobold completely misses you.
A giant gecko comes into view.
You completely miss the giant gecko. The giant gecko bites you.
You die...

##########.##.....
#....K5h.(....#
##.#######.##.#
#5# ###(##.####
#h# #..>.......
#.# ###.#K.####
#.# .h#..#
#.#####.#.# .#
#h5K@.#.#.# .#
#####l# #.# .
#....<# #.# .#
#.###.# #.#
#.....# ####### .


You could see Natasha, a crimson imp, a giant gecko and a kobold.

Vanquished Creatures
  Terence (D:3)
  Natasha (twice) (D:2)
  3 adders
  An ooze (D:1)
  A worm (D:3)
  A dart slug (D:1)
  A giant gecko (D:1)
  4 goblins
  2 hobgoblins (D:1)
  A jackal (D:1)
  A giant newt (D:2)
  3 kobolds
  A rat (D:2)
22 creatures vanquished.

Notes
Turn   | Place    | Note
--------------------------------------------------------------
     0 | D:1      | Franakus the Deep Elf Conjurer began the quest for the Orb.
     0 | D:1      | Reached XP level 1. HP: 10/10 MP: 6/6
    20 | D:1      | You fall through a shaft!
    65 | D:3      | Reached skill level 5 in Conjurations
    65 | D:3      | Reached XP level 2. HP: 15/15 MP: 4/8
    69 | D:3      | Learned a level 2 spell: Searing Ray
   212 | D:2      | Noticed Natasha
   243 | D:2      | Killed Natasha
   243 | D:2      | Reached XP level 3. HP: 19/19 MP: 5/9
   251 | D:2      | Learned a level 3 spell: Dazzling Spray
   262 | D:2      | Found a faded altar to an unknown god.
   333 | D:2      | Noticed Natasha
   344 | D:2      | Killed Natasha
   344 | D:2      | Reached XP level 4. HP: 24/24 MP: 4/11
   410 | D:1      | Reached skill level 6 in Conjurations
   569 | D:2      | Noticed Terence
   572 | D:2      | Noticed Natasha
   580 | D:3      | HP: 1/24 [Terence/falchion (4)]
   581 | D:3      | Killed Terence
   599 | D:2      | HP: 1/24 [kobold/stone (2)]
   608 | D:2      | Slain by a giant gecko

Skill      XL: |  1  2  3  4 |
---------------+-------------+-----
Conjurations   | 5 6 |  6.2
Stealth        | 3 |  3.1
Fighting       | |  0.1
Dodging        | |  2.8
Spellcasting   | |  3.5

Action                   |  1- 3 |  4- 6 || total
-------------------------+-------+-------++-------
Melee: Club              |       |    11 ||    11
 Cast: Magic Dart        |    16 |     6 ||    22
       Searing Ray       |     4 |     5 ||     9
       Dazzling Spray    |       |     1 ||     1
  Use: Potion            |       |     1 ||     1
Armor: Robe              |       |    10 ||    10
Dodge: Dodged            |     6 |    47 ||    53
